AoeStats
← hablam

MegaRandom

507511050Analyzed
4v4 RM · 13d ago on Sep 18, 2026· 22m 52s· 8 players
Game mode
Random Map
Map size
Large (8 player)
Population
200
Speed
Normal
Resources
Standard
Victory
Conquest
Starting age
Dark Age
Ending age
Imperial Age
RankedLock teamsTeams togetherTeam positionsShared explorationLock speedFull tech treeHidden civsTurbo modeCheats
Victory
Defeat
🇸🇪 Mongols · Sweden
1321
+12
🇪🇸 Tupi · Spain
1301
+13
🇮🇳 Hindustanis · India
1300
+13
🇩🇪 Georgians · Germany
1159
+20
🇨🇳 Persians · China
1264
-16
🇨🇳 Koreans · China
1264
-16
🇭🇰 Poles · Hong Kong SAR China
1208
-13
🇫🇷 Ethiopians · France
1190
-13
Vigil
11:24 Feudal Age
15:07 Castle Age
13:20 Double-Bit Axe
13:19 Horse Collar
Dislike Me
11:44 Feudal Age
12:26 Loom
19:19 Castle Age
不就压个堡
4:15 Loom
10:29 Feudal Age
14:19 Wheelbarrow
15:06 Forging
15:49 Bloodlines
15:49 Scale Barding Armor
17:05 Double-Bit Axe
22:25 Castle Age
20:56 Horse Collar
大梦谁先觉
12:08 Feudal Age
11:48 Loom
14:45 Double-Bit Axe
17:39 Castle Age
19:33 Fletching
21:28 Wheelbarrow
Champ
6:08 Loom
9:42 Feudal Age
10:13 Double-Bit Axe
11:11 Town Watch
11:17 Horse Collar
16:12 Scale Barding Armor
16:59 Forging
21:59 Castle Age
21:18 Bloodlines
SemperBlender
8:58 Loom
10:50 Feudal Age
9:06 Loom
12:37 Double-Bit Axe
12:34 Horse Collar
16:05 Wheelbarrow
15:27 Fletching
17:59 Town Watch
21:52 Castle Age
22:30 Bodkin Arrow
22:38 Padded Archer Armor
22:49 Bow Saw
22:42 Heavy Plow
hablam
10:33 Feudal Age
11:25 Double-Bit Axe
13:01 Loom
15:35 Castle Age
14:37 Fletching
17:12 Bodkin Arrow
Sr.Latserof
6:25 Loom
9:50 Feudal Age
13:30 Castle Age
13:32 Loom
18:08 Fletching
Connection lost

Rejoining the realm…

Still unreachable

The connection could not be restored.

Session expired

The server has moved on; the page needs a fresh start.